 Dungeon Crawl Stone Soup version 0.20.1-1-g8b1a95d (webtiles) character file.

1963 Reeggar the Cleaver (level 9, -1/67 HPs)
             Began as a Minotaur Fighter on Oct 16, 2017.
             Was a Believer of Hepliaklqana.
             Killed by divine providence
             ... invoked by an orc priest
              (9 damage)
             ... on level 6 of the Dungeon.
             The game lasted 00:31:24 (5918 turns).

Reeggar the Cleaver (Minotaur Fighter)              Turns: 5918, Time: 00:31:25

Health: -1/67      AC: 10    Str: 24 (25) XL:     9   Next: 0%
Magic:  8/8        EV:  9    Int:  2 (5)  God:    Hepliaklqana [**....]
Gold:   325        SH: 11    Dex:  7 (9)  Spells: 8/8 levels left

rFire    . . .     SeeInvis .   g - +1 war axe (flame)
rCold    . . .     Gourm    .   c - +1 shield
rNeg     . . .     Faith    .   b - +0 scale mail
rPois    .         Spirit   .   w - +0 hat
rElec    .         Reflect  .   d - +1 cloak
rCorr    .         Harm     .   (no gloves)
MR       +....                  (no boots)
Stlth    ..........             y - amulet of regeneration
Regen    0.7/turn               z - ring of protection from magic
MPRegen  0.2/turn               (no ring)

@: berserk cooldown, drained
A: retaliatory headbutt, reduced essence, horns 2
a: Recall Ancestor, Ancestor Identity, Renounce Religion


You were on level 6 of the Dungeon.
You worshipped Hepliaklqana.
Hepliaklqana was pleased with you.
You were hungry.

You visited 1 branch of the dungeon, and saw 6 of its levels.
You also visited: Sewer.

You collected 325 gold pieces.

Inventory:

Hand Weapons
 a - a +2 war axe
 g - a +1 war axe of flaming (weapon)
 A - a +4 quarterstaff of chaos
Missiles
 u - 7 javelins (quivered)
Armour
 b - a +0 scale mail (worn)
 c - a +1 shield (worn)
 d - a +1 cloak (worn)
 w - a +0 hat (worn)
 F - the +3 scale mail of Grot {Dex+4, unknown}
   (You found it on level 6 of the Dungeon)

   It affects your dexterity (+4).
Jewellery
 e - an uncursed ring of wizardry
 p - a cursed ring of loudness
 y - an amulet of regeneration (around neck)
 z - a ring of protection from magic (left hand)
 C - an uncursed ring of poison resistance {unknown}
Wands
 i - a wand of disintegration (15/24)
 l - a wand of random effects (13/48)
 o - a wand of iceblast (5/15)
Scrolls
 q - 4 scrolls of identify
 r - 5 scrolls of recharging {unknown}
 x - 3 scrolls of amnesia {unknown}
Potions
 j - a potion of cancellation
 v - a potion of mutation {unknown}
 B - a potion of heal wounds {unknown}
Miscellaneous
 k - a phial of floods
Comestibles
 f - 4 bread rations
 h - 3 meat rations
 n - 4 royal jellies
 D - 2 chunks of flesh
 E - 2 fruits


   Skills:
 + Level 5.9(5.7) Fighting
 + Level 8.2(8.0) Axes
 * Level 4.2(3.9) Throwing
 + Level 6.9(6.7) Armour
 + Level 2.1(1.8) Dodging
 + Level 1.9(1.7) Stealth
 + Level 6.7(6.5) Shields


You had 8 spell levels left.
You didn't know any spells.

Dungeon Overview and Level Annotations

Branches:
Dungeon (6/15)
 Temple: D:4-7

Altars:
Dithmenos
Hepliaklqana

Annotations:
D:6 Blork the orc, Pikel


Innate Abilities, Weirdness & Mutations

You reflexively headbutt those who attack you in melee.
You have a pair of horns on your head.
Your life essence is reduced to manifest your ancestor. (-10% HP)


Message History

It was a potion of magic.
Magic courses through your body. Something hits you but does no damage.
You block the wight's attack.
You hear some strange, mumbled words.
A magic dart appears from out of thin air!
The magic dart hits you! The wight hits you but does no damage.
Unknown command.
You slash something! You burn something. Your headbutt misses something.
Something hits you.
* * * LOW HITPOINT WARNING * * *
Something hits you.
* * * LOW HITPOINT WARNING * * *
The iguana hisses menacingly.
The wight barely misses you. Something hits you but does no damage.
Your magical effects are unravelling.
You feel magically purged.
You feel yourself speed up. Something hits you but does no damage.
The wight hits you but does no damage.
The orc priest calls down the wrath of Beogh upon you.
Beogh smites you!
You die...

#. # ... #. #. ... ## ##'##
####.##### ##...## #..... ..#
## ##.....## ##.##.# #.# #.
##.......######..##.# #.# #.
##...(...p{##........###.###.
o'o.....loz{@................
#.......zK##.#...######.###.
#....<.z###.##..# #.# #.
##..(..## #.###... ..# #>
##.<.## #.# ##### #### #.
##'## #.# ## #. #.# #. #.# #.


You could see Pikel, a slave, an iguana, 3 wights and an orc priest.

Vanquished Creatures
  Grinder (D:3)
  Edmund (D:5)
  2 ice beasts (D:5)
  3 slaves (D:6)
  2 ogres
  A centaur (D:5)
  A bullfrog (Sewer)
  A wight (D:6)
  2 howler monkeys
  3 crimson imps (D:5)
  3 hounds (D:5)
  A jelly (D:5)
  A centaur skeleton (D:5)
  Crazy Yiuf (D:4)
  Jessica (D:3)
  A worker ant (D:5)
  4 orc wizards
  A hound zombie (D:5)
  A gnoll (D:3)
  5 adders
  An adder skeleton (D:4)
  2 worms
  4 dart slugs
  10 leopard geckos
  12 orcs
  8 bats
  6 giant cockroaches
  A goblin (D:3)
  8 hobgoblins
  10 jackals
  5 kobolds
  2 quokkas
  3 ball pythons
  11 frilled lizards
  3 rats
  A plant (D:5)
123 creatures vanquished.

Vanquished Creatures (collateral kills)
  Duvessa (D:5)
  2 ogres
  A centaur (D:5)
  Dowan (D:5)
  2 gnolls (D:3)
  2 orcs
  A giant cockroach (D:4)
  A jackal (D:4)
  A quokka (D:4)
  A ball python (D:4)
13 creatures vanquished.

Vanquished Creatures (others)
  An ancestor (D:5)
  A knight (D:6)
2 creatures vanquished.

Grand Total: 138 creatures vanquished

Notes
Turn   | Place    | Note
-------+----------+-------------------------------------------
     0 | D:1      | Reeggar the Minotaur Fighter began the quest for the Orb.
     0 | D:1      | Reached XP level 1. HP: 19/19 MP: 0/0
    32 | D:1      | Reached XP level 2. HP: 27/27 MP: 1/1
   816 | D:1      | Reached XP level 3. HP: 33/33 MP: 2/2
  1964 | D:2      | Found a hazy altar of Hepliaklqana.
  2286 | D:2      | Reached skill level 3 in Axes
  2348 | D:3      | Noticed Jessica
  2354 | D:3      | Killed Jessica
  2354 | D:3      | Reached XP level 4. HP: 40/40 MP: 3/3
  2395 | D:3      | Found a glowing drain.
  2400 | Sewer    | Entered a sewer
  2637 | Sewer    | Noticed a bullfrog
  2648 | Sewer    | Killed a bullfrog
  2648 | Sewer    | Reached skill level 4 in Axes
  2648 | Sewer    | Reached XP level 5. HP: 36/47 MP: 4/4
  2795 | D:3      | Noticed Grinder
  2821 | D:3      | Killed Grinder
  2821 | D:3      | Reached skill level 1 in Throwing
  2821 | D:3      | Reached skill level 5 in Armour
  2821 | D:3      | Reached skill level 5 in Shields
  2821 | D:3      | Reached XP level 6. HP: 6/55 MP: 5/5
  3226 | D:2      | Became a worshipper of Hepliaklqana the Forgotten
  3297 | D:3      | Reached skill level 5 in Axes
  3682 | D:4      | Reached skill level 5 in Fighting
  3730 | D:4      | Reached XP level 7. HP: 27/54 MP: 6/6
  4043 | D:4      | Reached * piety under Hepliaklqana
  4324 | D:4      | Found a runed door.
  4328 | D:4      | Noticed Crazy Yiuf
  4336 | D:4      | Killed Crazy Yiuf
  4336 | D:4      | Reached skill level 1 in Dodging
  4490 | D:4      | Reached skill level 1 in Stealth
  4878 | D:5      | Entered Level 5 of the Dungeon
  4883 | D:5      | Reached skill level 6 in Axes
  4956 | D:5      | Noticed Edmund
  4974 | D:5      | Killed Edmund
  4974 | D:5      | Reached XP level 8. HP: 42/62 MP: 7/7
  5296 | D:5      | Found a shadowy altar of Dithmenos.
  5354 | D:5      | Reached skill level 7 in Axes
  5573 | D:5      | Noticed Dowan
  5575 | D:5      | Noticed Duvessa
  5587 | D:5      | Killed Duvessa
  5588 | D:5      | Killed Dowan
  5638 | D:5      | Reached ** piety under Hepliaklqana
  5639 | D:5      | Remembered your ancestor Sonja as a knight
  5873 | D:6      | Reached skill level 8 in Axes
  5878 | D:6      | Got a polished scale mail
  5880 | D:6      | Noticed Pikel
  5880 | D:6      | Noticed Blork the orc
  5913 | D:6      | Reached XP level 9. HP: 33/67 MP: 8/8
  5918 | D:6      | Killed from afar by an orc priest

Skill      XL: |  1  2  3  4  5  6  7  8 |
---------------+-------------------------+-----
Armour         | 4 5 6 |  6.9
Fighting       | 4 5 |  5.9
Shields        | 4 5 6 |  6.7
Axes           | 3 4 5 6 8 |  8.2
Throwing       | 1 2 3 4 |  4.2
Dodging        | 1 2 |  2.1
Stealth        | 1 |  1.9

Action                   |  1- 3 |  4- 6 |  7- 9 || total
-------------------------+-------+-------+-------++-------
Melee: War axe           |    66 |   115 |   138 ||   319
       Headbutt          |    11 |    13 |    22 ||    46
Invok: Ancestor Identity |       |     1 |       ||     1
       Ancestor Life: Kn |       |       |     1 ||     1
  Use: Scroll            |     9 |     6 |       ||    15
       Potion            |       |     1 |     5 ||     6
  Eat: Chunk             |     2 |     3 |     2 ||     7
       Bread ration      |     1 |       |     1 ||     2
Armor: Scale mail        |    39 |    55 |    44 ||   138
       Skin              |       |       |     3 ||     3
Dodge: Dodged            |    27 |    47 |    55 ||   129
Block: Shield            |    52 |    77 |    83 ||   212
